 Dungeon Crawl Stone Soup version 0.27.1-33-g824d729ab1 (webtiles) character file.

Game seed: 4997578272547008046

5745 bolle the Fighter (level 11, -1/90 HPs)
             Began as a Formicid Fighter on Dec 14, 2021.
             Was an Elder of Okawaru.
             Slain by a two-headed ogre (10 damage)
             ... on level 8 of the Dungeon on Dec 15, 2021.
             The game lasted 00:19:48 (11440 turns).

bolle the Fighter (Formicid Fighter)               Turns: 11440, Time: 00:19:49

Health: -1/90      AC: 15    Str: 28    XL:     11   Next: 5%
Magic:  11/11      EV:  8    Int:  7    God:    Okawaru [****..]
Gold:   475        SH: 17    Dex: 16    Spells: 10/10 levels left

rFire    + + .     SeeInvis +   a - +0 long sword
rCold    x . .     Faith    .   c - +0 kite shield
rNeg     + . .     Spirit   .   h - +0 plate armour
rPois    .         Reflect  +   (helmet unavailable)
rElec    .         Harm     .   (no cloak)
rCorr    .         Rampage  .   (no gloves)
Will     ++...                  g - +0 pair of boots
Stlth    ..........             b - amulet of reflection
HPRegen  0.25/turn              x - ring of the Townfolk {rF++ rC- rN+ Will+ Str+3}
MPRegen  0.12/turn              E - +6 ring of dexterity

@: no status effects
A: permanent stasis, dig shafts and tunnels, antennae 3, four strong arms
a: Dig, Shaft Self, Renounce Religion, Heroism


You were on level 8 of the Dungeon.
You worshipped Okawaru.
Okawaru was greatly pleased with you.
You visited 2 branches of the dungeon, and saw 10 of its levels.

You collected 475 gold pieces.

Inventory:

Hand Weapons
 a - a +0 long sword (weapon)
Missiles
 p - 4 silver javelins
Armour
 c - a +0 kite shield (worn)
 g - a +0 pair of boots (worn)
 h - a +0 plate armour (worn)
Jewellery
 b - an amulet of reflection (around neck)
 w - an amulet of guardian spirit
 x - the ring of the Townfolk (left hand) {rF++ rC- rN+ Will+ Str+3}
   (You found it on level 5 of the Dungeon)

   [ring of willpower]

   Str:       It affects your strength (+3).
   rF:        It greatly protects you from fire.
   rC:        It makes you vulnerable to cold.
   rN:        It protects you from negative energy.
   Will:      It increases your willpower.
 E - a +6 ring of dexterity (right hand)
 F - a +6 ring of strength
Wands
 f - a wand of acid (14)
 y - a wand of flame (33)
 B - a wand of mindburst (11)
Scrolls
 i - 2 scrolls of vulnerability {unknown}
 j - a scroll of torment {unknown}
 k - 2 scrolls of blinking {unknown}
 l - a scroll of silence {unknown}
 m - 7 scrolls of identify {unknown}
 n - a scroll of enchant armour {unknown}
 r - 3 scrolls of enchant weapon {unknown}
 t - a scroll of amnesia {unknown}
 z - a scroll of noise {unknown}
 A - 3 scrolls of teleportation {unknown}
Potions
 d - a potion of invisibility {unknown}
 e - 2 potions of magic {unknown}
 o - 3 potions of heal wounds
 q - a potion of flight {unknown}
 s - 6 potions of curing {unknown}
 u - a potion of ambrosia {unknown}
 v - a potion of lignification {unknown}
 C - a potion of cancellation {unknown}
 D - a potion of might


   Skills:
 + Level 9.6 Fighting
 + Level 8.5 Long Blades
 + Level 9.6 Armour
 - Level 9.0 Shields


You had 10 spell levels left.
You didn't know any spells.
Your spell library contained the following spells:

 Spells                   Type           Power      Damage    Failure   Level
 Foxfire                  Conj/Fire      0%         2x1d4     98%         1
 Conjure Flame            Conj/Fire      0%         6-21      100%        3
 Inner Flame              Hex/Fire       0%         N/A       100%        3
 Ozocubu's Armour         Ice            0%         N/A       100%        3
 Metabolic Englaciation   Hex/Ice        0%         N/A       100%        5
 Simulacrum               Ice/Necr       0%         N/A       100%        6


Dungeon Overview and Level Annotations

Branches:
Dungeon (9/15)             Temple (1/1) D:6
   Lair: D:8-11         Orc: D:9-12

Altars:
Ashenzari
Cheibriados
Dithmenos
Elyvilon
Fedhas
Gozag
Kikubaaqudgha
Makhleb
Nemelex Xobeh
Okawaru
Qazlal
Ru
Sif Muna
Trog
Uskayaw
Vehumet
Wu Jian
Xom
Yredelemnul
Zin

Shops:
D:1 ?*(*   D:8 =


Innate Abilities, Weirdness & Mutations

You cannot be hasted, slowed, berserked, paralysed or teleported.
You can dig through walls and to a lower floor.
You have a pair of large antennae on your head. (SInv)
Your four strong arms can wield two-handed weapons with a shield.


Message History

You block the two-headed ogre's attack.
The two-headed ogre hits you but does no damage.
You hit the two-headed ogre.
The two-headed ogre is heavily wounded.
You block the two-headed ogre's attack. The two-headed ogre barely misses you.
You hit the two-headed ogre.
The two-headed ogre is heavily wounded.
You block the two-headed ogre's attack.
The two-headed ogre hits you with a +0 giant club!
You slash the two-headed ogre!
The two-headed ogre is severely wounded.
Press: ? - help, v - describe, . - travel
Here: a two-headed ogre, wielding a +0 giant spiked club and a +0 giant club (severely wounded)
The floor, spattered with blood.
You hit the two-headed ogre but do no damage.
The two-headed ogre is severely wounded.
You block the two-headed ogre's attack. x2
Your plate armour prevents you from hitting the two-headed ogre.
The two-headed ogre is severely wounded.
You block the two-headed ogre's attack. The two-headed ogre barely misses you.
You hit the two-headed ogre.
The two-headed ogre is severely wounded.
The two-headed ogre hits you with a +0 giant spiked club!!
You block the two-headed ogre's attack.
You hit the two-headed ogre.
The two-headed ogre is almost dead.
You barely miss the two-headed ogre.
The two-headed ogre is almost dead.
You block the two-headed ogre's attack.
The two-headed ogre hits you with a +0 giant club!
* * * LOW HITPOINT WARNING * * *
You slash the two-headed ogre!
The two-headed ogre is almost dead.
The two-headed ogre hits you with a +0 giant spiked club!!
* * * LOW HITPOINT WARNING * * *
You block the two-headed ogre's attack.
You closely miss the two-headed ogre.
The two-headed ogre is almost dead.
The two-headed ogre hits you with a +0 giant spiked club!
You die...

.####....#.##.##.....###########.
.........#.##..#.....# #.
#####....#.##..#.....# #.
#####....#.##..#.....###########.
...........##..#............##...
######.######...............##.#.
.......# #.#..##.........##.#.
#############.#O[##.........##.#.
#............#)@##.........##.#.
##.#########..##[[..........##.#.
...#########..##............##.#.
####...............###########.#.
#..................# #.#.
#.##...............# #.#.
#.##...............# #.#.
#.##...............# #.#.
...................## #.#.


You could see a two-headed ogre.

Vanquished Creatures
  A two-headed ogre (D:8)
  Pikel (D:6)
  Grinder (D:5)
  A wyvern (D:8)
  Sigmund (D:3)
  3 yaks (D:8)
  Menkaure (D:7)
  3 wargs (D:8)
  3 water moccasins
  3 orc warriors
  A black bear (D:5)
  2 ice beasts
  A centaur (D:8)
  A necrophage (D:5)
  2 ogres
  A kobold brigand (D:6)
  A phantom (D:4)
  3 bullfrogs (D:6)
  A gnoll sergeant (D:8)
  A scorpion (D:7)
  A water moccasin skeleton (D:7)
  5 wights (D:6)
  A howler monkey (D:7)
  5 centaur zombies
  2 hounds
  2 jellies (D:5)
  9 orc priests
  2 iguanas
  6 orc wizards
  3 hound skeletons
  A mummy (D:4)
  A howler monkey zombie (D:8)
  2 gnolls (D:8)
  8 adders
  2 howler monkey skeletons
  2 shadow imps (D:6)
  2 white imps
  An ufetubus (D:5)
  An adder skeleton (D:4)
  2 worms
  21 orcs
  2 ball pythons
  8 endoplasms
  3 giant cockroaches
  10 goblins
  7 hobgoblins
  4 quokkas
  11 bats
  10 frilled lizards
  12 kobolds
  4 rats
182 creatures vanquished.

Vanquished Creatures (others)
  9 plants (D:6)
9 creatures vanquished.

Grand Total: 191 creatures vanquished

Notes
Turn   | Place    | Note
-------+----------+-------------------------------------------
     0 | D:1      | bolle the Formicid Fighter began the quest for the Orb.
     0 | D:1      | Reached XP level 1. HP: 18/18 MP: 1/1
   163 | D:1      | Reached XP level 2. HP: 22/24 MP: 2/2
   201 | D:2      | Reached XP level 3. HP: 24/29 MP: 3/3
   258 | D:1      | Found Fojuskeha's Magic Scroll Boutique.
   304 | D:1      | Found Bufaedgh Fuod's Antique Weapon Shoppe.
   413 | D:1      | Found Teqov's General Store.
   530 | D:1      | Found Upnum's General Store.
  1250 | D:1      | Reached XP level 4. HP: 20/37 MP: 4/4
  1514 | D:2      | Found a faded altar of an unknown god.
  1532 | D:2      | Found a faded altar of an unknown god.
  2188 | D:3      | Noticed Sigmund
  2424 | D:3      | Reached XP level 5. HP: 42/42 MP: 5/5
  2601 | D:3      | Killed Sigmund
  2602 | D:3      | Reached skill level 5 in Shields
  2602 | D:3      | Reached XP level 6. HP: 18/49 MP: 6/6
  3701 | D:3      | Reached XP level 7. HP: 49/55 MP: 7/7
  3812 | D:4      | Reached skill level 5 in Fighting
  3812 | D:4      | Reached skill level 5 in Armour
  3824 | D:5      | Entered Level 5 of the Dungeon
  4157 | D:4      | Found a snail-covered altar of Cheibriados.
  4473 | D:5      | Reached XP level 8. HP: 47/62 MP: 8/8
  5447 | D:5      | Reached skill level 5 in Long Blades
  5658 | D:5      | Found a radiant altar of Vehumet.
  5660 | D:5      | Found a glowing silver altar of Zin.
  5660 | D:5      | Found a blossoming altar of Fedhas.
  5661 | D:5      | Found an ancient bone altar of Kikubaaqudgha.
  5670 | D:5      | Noticed Grinder
  5749 | D:6      | Found a staircase to the Ecumenical Temple.
  5763 | Temple   | Entered the Ecumenical Temple
  5799 | Temple   | Became a worshipper of Warmaster Okawaru
  6003 | D:6      | Found a stormy altar of Qazlal.
  6052 | D:5      | Identified the ring of the Townfolk {rF++ rC- rN+ Will+
                  | Str+3}
  6099 | D:5      | Killed Grinder
  6100 | D:5      | Reached XP level 9. HP: 52/71 MP: 9/9
  6858 | D:6      | Reached * piety under Okawaru
  7967 | D:6      | Reached ** piety under Okawaru
  8276 | D:7      | Noticed Pikel
  8317 | D:6      | Killed Pikel
  8318 | D:6      | Reached XP level 10. HP: 73/80 MP: 10/10
  8395 | D:7      | Noticed Menkaure
  8816 | D:8      | Found a shimmering altar of Xom.
  8817 | D:8      | Found a shimmering altar of Xom.
  8817 | D:8      | Found a shimmering altar of Xom.
  8818 | D:8      | Found a shimmering altar of Xom.
  9085 | D:7      | Found a hide-covered altar of Uskayaw.
  9097 | D:7      | Killed Menkaure
  9202 | D:7      | Reached *** piety under Okawaru
  9747 | D:8      | Found Zajiuwka's Jewellery Boutique.
  9793 | D:8      | Noticed a two-headed ogre
  9799 | D:9      | Noticed a two-headed ogre
  9808 | D:8      | Killed a two-headed ogre
  9808 | D:8      | Reached **** piety under Okawaru
 10001 | D:8      | Noticed an orb spider
 10001 | D:8      | a raiju changed into an orb spider
 10301 | D:8      | Found a sacrificial altar of Ru.
 10323 | D:8      | Noticed a mana viper
 10691 | D:8      | Noticed a glowing orange brain
 10696 | D:8      | Noticed a spark wasp
 10697 | D:8      | Noticed a fire dragon
 10697 | D:8      | a spark wasp changed into a fire dragon
 10702 | D:8      | Noticed an elephant
 10702 | D:8      | a glowing orange brain changed into an elephant
 10800 | D:8      | Reached XP level 11. HP: 45/89 MP: 11/11
 11102 | D:8      | Noticed a catoblepas
 11105 | D:8      | Noticed a death drake
 11105 | D:8      | a yaktaur changed into a death drake
 11440 | D:8      | Slain by a two-headed ogre

Illustrated notes

Levels and vault maps discovered:
D:1:      dpeg_arrival_signposts, layout_basic, serial_shops, shop,
          nicolae_shop_waterfront, nicolae_shop_crystal, shop
D:2:      layout_loops_cross, hellmonk_ecumenical_altar_the_god_not_taken,
          chequers_hall_statues_y, hangedman_decor_clover_reticule,
          minmay_tromino_i4
D:3:      layout_basic, nrook_loot_triangle, minmay_pentomino_pile, uniq_sigmund
D:4:      layout_gridville, slow_altar_1
D:5:      layout_loops_corners, grunt_temple_overflow_open, uniq_grinder
D:6:      layout_layer_cave, nicolae_qazlal_scattered_showers,
          minmay_temple_entry_overgrown, kennysheep_generic_room_6
D:7:      layout_basic, nicolae_overflow_crystal_walls, minmay_checkerbox,
          uniq_menkaure, uniq_pikel
D:8:      layout_basic, xom_shifter_show, mainiacjoe_overflow_alcove_2,
          serial_shops, shop
D:9:      layout_small_grid, tso_oasis_becter, erik_lair_orcish_takeover
Temple:   chequers_temple_sunken

Skill      XL: |  1  2  3  4  5  6  7  8  9 10 |
---------------+-------------------------------+-----
Shields        | 4 5 6 7 8 9 |  9.0
Fighting       | 4 5 6 8 9 |  9.6
Armour         | 4 5 6 8 9 |  9.6
Long Blades    | 3 4 5 6 8 |  8.5

Action                   |  1- 3 |  4- 6 |  7- 9 | 10-12 || total
-------------------------+-------+-------+-------+-------++-------
Melee: Long sword        |    87 |   212 |   423 |   205 ||   927
 Abil: Dig               |       |     7 |     3 |     1 ||    11
  Use: Potion            |       |       |     2 |       ||     2
Armor: Scale mail        |    14 |       |       |       ||    14
       Plate armour      |    30 |    80 |   146 |    54 ||   310
Dodge: Dodged            |    19 |    26 |    63 |    32 ||   140
Block: Kite shield       |    53 |   183 |   350 |   178 ||   764
       Reflection        |       |     4 |     5 |     6 ||    15
       Rpst.: Long sword |    10 |    10 |    19 |    11 ||    50
